 Dungeon Crawl Stone Soup version 0.27.0-1-g7a089689b8 (webtiles) character file.

Game seed: 12817483099875186516

183 MisterFreud the Cudgeller (level 5, -1/32 HPs)
             Began as a Gargoyle Monk on July 31, 2021.
             Was a Believer of Okawaru.
             Slain by a black bear (7 damage)
             ... on level 4 of the Dungeon.
             The game lasted 00:04:31 (4503 turns).

MisterFreud the Cudgeller (Gargoyle Monk)           Turns: 4503, Time: 00:04:31

Health: -1/32      AC:  8    Str: 16    XL:     5   Next: 62%
Magic:  3/5        EV: 14    Int: 10    God:    Okawaru [**....]
Gold:   89         SH:  0    Dex: 12    Spells: 4/4 levels left

rFire    . . .     SeeInvis .   a - +0 mace
rCold    . . .     Faith    .   (no shield)
rNeg     + . .     Spirit   .   k - +0 leather armour
rPois    ∞         Reflect  .   (no helmet)
rElec    +         Harm     .   (no cloak)
rCorr    .         Rampage  .   (no gloves)
Will     .....                  (no boots)
Stlth    +++.......             (no amulet)
HPRegen  0.10/turn              (no ring)
MPRegen  0.09/turn              (no ring)

@: heroic
A: sickness immunity, AC +4, negative energy resistance 1, electricity
resistance, torment resistance 1, petrification resistance
a: Renounce Religion, Heroism


You were on level 4 of the Dungeon.
You worshipped Okawaru.
Okawaru was pleased with you.
You visited 1 branch of the dungeon, and saw 4 of its levels.

You collected 89 gold pieces.

Inventory:

Hand Weapons
 a - a +0 mace (weapon)
 j - a +0 long sword
Missiles
 e - 4 javelins (quivered)
 i - a throwing net
 s - 5 poisoned darts
Armour
 b - a +0 robe
 k - a +0 leather armour (worn)
Scrolls
 c - 2 scrolls of magic mapping {unknown}
 f - a scroll of fear {unknown}
 l - a scroll of enchant armour {unknown}
 o - a scroll of teleportation {unknown}
 p - a scroll of fog {unknown}
 r - a scroll of enchant weapon {unknown}
Potions
 g - a potion of brilliance
 h - a potion of lignification
 m - a potion of might
 n - 2 potions of cancellation {unknown}
 q - 2 potions of heal wounds {unknown}


   Skills:
 - Level 3.2(8.2) Fighting
 + Level 5.5(10.5) Maces & Flails
 + Level 2.5(7.5) Armour
 - Level 2.4(7.4) Dodging
 - Level 2.1(7.1) Stealth


You had 4 spell levels left.
You didn't know any spells.
Your spell library was empty.

Dungeon Overview and Level Annotations

Branches:
Dungeon (4/15)
 Temple: D:4-7

Altars:
Okawaru


Innate Abilities, Weirdness & Mutations

You are immune to sickness and miasma.
Your stone body is resilient. (AC +4)
You are immune to poison.
You resist negative energy. (rN+)
You are resistant to electric shocks. (rElec)
You are resistant to unholy torment.
You are immune to petrification.


Message History

The black bear is moderately wounded.
The black bear bites you.
The black bear claws you but does no damage.
The black bear claws you.
You gain the combat prowess of a mighty hero.
The black bear bites you.
* * * LOW HITPOINT WARNING * * *
The black bear closely misses you. The black bear barely misses you.
You barely miss the black bear.
The black bear is moderately wounded.
The black bear bites you.
* * * LOW HITPOINT WARNING * * *
The black bear misses you. The black bear closely misses you.
You thump the black bear!
The black bear is heavily wounded.
The black bear bites you.
* * * LOW HITPOINT WARNING * * *
The black bear barely misses you. x2
You barely miss the black bear.
The black bear is heavily wounded.
The black bear closely misses you.
The black bear claws you but does no damage. x2
You feel better.
An orc comes into view. It is wielding a +0 hand axe.
The black bear bites you but does no damage.
The black bear claws you. The black bear barely misses you.
You sock the black bear!
The black bear is almost dead.
The black bear goes berserk!
You hit the black bear.
The black bear is almost dead.
The black bear bites you.
* * * LOW HITPOINT WARNING * * *
The black bear closely misses you. The black bear misses you.
You barely miss the black bear.
The black bear is almost dead.
The black bear bites you but does no damage.
The black bear claws you but does no damage.
The black bear barely misses you. The black bear bites you!
You die...

#.#### .. #.# #.# #.#
#.#..##### #.#
#.#......## #<#
#.#.......# #.#
##.#(..#...# #.#
#.....#.#(.#####[ #.#
#....#._.#...o... #.#
#...?.#.#@h#
#.########.!.)#.........
#.................####.#
###################


You could see a black bear (berserk) and an orc.

Vanquished Creatures
  4 gnolls
  6 adders
  An adder skeleton (D:4)
  2 worms (D:2)
  5 ball pythons
  8 bats
  8 endoplasms
  4 giant cockroaches
  8 goblins
  8 hobgoblins
  7 jackals
  8 kobolds
  4 quokkas
  3 frilled lizards
76 creatures vanquished.

Notes
Turn   | Place    | Note
-------+----------+-------------------------------------------
     0 | D:1      | MisterFreud the Gargoyle Monk began the quest for the Orb.
     0 | D:1      | Reached XP level 1. HP: 14/14 MP: 1/1
   247 | D:1      | Reached XP level 2. HP: 17/19 MP: 2/2
   351 | D:1      | Reached skill level 4 in Maces & Flails
   699 | D:1      | Reached XP level 3. HP: 21/23 MP: 3/3
  1630 | D:2      | Reached XP level 4. HP: 28/28 MP: 4/4
  1783 | D:2      | HP: 1/28 [gnoll (1)]
  1807 | D:2      | HP: 1/28 [gnoll (2)]
  2263 | D:1      | Reached skill level 5 in Maces & Flails
  2400 | D:1      | HP: 1/28 [gnoll (5)]
  2404 | D:1      | Reached skill level 1 in Armour
  2923 | D:2      | Reached XP level 5. HP: 28/32 MP: 5/5
  4475 | D:4      | Found an iron altar of Okawaru.
  4476 | D:4      | Noticed a black bear
  4485 | D:4      | Became a worshipper of Warmaster Okawaru
  4485 | D:4      | Reached * piety under Okawaru
  4485 | D:4      | Reached ** piety under Okawaru
  4503 | D:4      | Slain by a black bear

Illustrated notes

Levels and vault maps discovered:
D:1:      dpeg_arrival_tiny_c, layout_rooms
D:2:      minmay_door_path, layout_rooms, serial_co_window_serial,
          co_window_corner_a, co_window_corner_a, co_window_corner_a,
          co_window_paths_a, co_window_corner_a, co_window_corner_cb,
          co_window_cross_4, co_window_2corner, co_window_corner_cb,
          glass_columns_a, glass_columns_b
D:3:      layout_basic
D:4:      minmay_angry_zag, layout_loops_ring, okawaru_metal_pillars_3,
          minmay_temple_entry_mist

Skill      XL: |  1  2  3  4  5 |
---------------+----------------+-----
Maces & Flails | 4 5 |  5.5
Armour         | 1 2 |  2.5
Fighting       | |  3.2
Dodging        | |  2.4
Stealth        | |  2.1

Action                   |  1- 3 |  4- 6 || total
-------------------------+-------+-------++-------
Melee: Mace              |   129 |   199 ||   328
Invok: Heroism           |       |     1 ||     1
  Use: Scroll            |       |     4 ||     4
       Potion            |       |     1 ||     1
 Stab: Sleeping          |     1 |     4 ||     5
Armor: Robe              |    47 |       ||    47
       Leather armour    |       |    80 ||    80
Dodge: Dodged            |    95 |   181 ||   276
